 Dungeon Crawl Stone Soup version 0.30-a0-358-g0d69a1922f (webtiles) character file.

Game seed: 458098336023784177

389 gamesnag the Chopper (level 6, -11/55 HPs)
             Began as a Minotaur Fighter on Nov 8, 2022.
             Was an Initiate of Qazlal.
             Mangled by a yak (14 damage)
             ... on level 6 of the Dungeon.
             The game lasted 00:09:07 (1647 turns).

gamesnag the Chopper (Minotaur Fighter)             Turns: 1647, Time: 00:09:07

Health: -11/55     AC:  7    Str: 22    XL:     6   Next: 49%
Magic:  5/5        EV:  9    Int:  5    God:    Qazlal [......]
Gold:   129        SH:  4    Dex: 10    Spells: 5/5 levels left

rFire   . . .      SeeInvis .    a - +0 war axe
rCold   . . .      Faith    .    c - +0 buckler
rNeg    . . .      Spirit   .    b - +0 scale mail
rPois   .          Reflect  .    (helmet restricted)
rElec   .          Harm     .    (no cloak)
rCorr   .          Rampage  .    (no gloves)
Will    .....                    (no boots)
Stlth   ..........               (no amulet)
HPRegen 0.29/turn                (no ring)
MPRegen 0.09/turn                (no ring)

@: no status effects
A: horns 2, retaliatory headbutt
a: Renounce Religion


You were on level 6 of the Dungeon.
You worshipped Qazlal.
Qazlal was noncommittal.
You visited 1 branch of the dungeon, and saw 6 of its levels.

You collected 129 gold pieces.

Inventory:

Hand Weapons
 a - a +0 war axe (weapon)
Armour
 b - a +0 scale mail (worn)
 c - a +0 buckler (worn)
Jewellery
 g - a ring of protection from cold
Wands
 k - a wand of flame (33)
Scrolls
 e - 2 scrolls of blinking {unknown}
 f - a scroll of summoning {unknown}
 h - a scroll of poison {unknown}
 j - a scroll of identify {unknown}
 l - a scroll of fear {unknown}
Potions
 d - a potion of might
 i - 2 potions of cancellation {unknown}


   Skills:
 + Level 4.9 Fighting
 + Level 5.7 Axes
 + Level 5.2 Armour
 + Level 1.3 Dodging
 + Level 0.4 Stealth
 + Level 4.4 Shields


You had 5 spell levels left.
You didn't know any spells.
Your spell library was empty.

Dungeon Overview and Level Annotations

Branches:
Dungeon (6/15)
 Temple: D:4-7

Altars:
Qazlal

Shops:
D:5 ?

Annotations:
D:3 2 transporters


Innate Abilities, Weirdness & Mutations

You have a pair of horns on your head.
You reflexively headbutt those who attack you in melee.


Message History

You hear the slow hiss of a very distant avalanche of sand.
There is a stormy altar of Qazlal here.
You kneel at the altar of Qazlal.
Qazlal welcomes you!
Qazlal grants you and your divine allies immunity to clouds.
You closely miss the scorpion. The scorpion misses you.
You furiously retaliate!
You headbutt the scorpion! You completely miss the scorpion.
The scorpion is severely wounded.
The scorpion stings you.
* * * LOW HITPOINT WARNING * * *
You slash the scorpion!
You kill the scorpion!
Qazlal accepts your kill.
There is a stormy altar of Qazlal, spattered with blood here.
Found a scroll labelled ISKIET TIROH.
An adder comes into view.
There is a stone staircase leading down here.
You climb downwards.
The bullfrog croaks.
The yak bellows! x3
There is a stone staircase leading up here.
A yak comes into view.
The yak gores you but does no damage.
You barely miss the yak. You hit the yak.
The bullfrog snags a nearby baby bat with its tongue.
The yak barely misses you.
You hit the yak but do no damage. You headbutt the yak!
The yak is moderately wounded.
You hit the yak. You hit the yak but do no damage. You slash the bullfrog!
The bullfrog hits you.
* * * LOW HITPOINT WARNING * * *
The yak gores you!
* * * LOW HITPOINT WARNING * * *
The bullfrog hits you but does no damage.
You barely miss the bullfrog. Your headbutt misses the bullfrog.
The bullfrog is heavily wounded.
You hit the yak but do no damage. You closely miss the yak.
You hit the yak but do no damage. You block the bullfrog's attack.
You block the yak's attack. The yak gores you!
You die...

.... ...
#.... ....
...... ....
..... .....
####...
.....##..Y.#
........YYY#
.......F@Y#
........#.#
##.....<###
#..##...#
.....####
..... ....
...P .P.


You could see 5 yaks and a bullfrog.

Vanquished Creatures
  A black bear (D:5)
  2 scorpions
  Crazy Yiuf (D:2)
  A jelly (D:4)
  A hound (D:5)
  An iguana (D:5)
  An adder (D:2)
  A worm (D:2)
  3 dart slugs
  3 orcs (D:4)
  7 ball pythons
  3 endoplasms
  3 giant cockroaches
  2 hobgoblins (D:1)
  2 quokkas (D:1)
  9 bats
  2 frilled lizards
  3 goblins
  3 kobolds
49 creatures vanquished.

Notes
Turn   | Place    | Note
-------+----------+-------------------------------------------
     0 | D:1      | gamesnag the Minotaur Fighter began the quest for the Orb.
     0 | D:1      | Reached XP level 1. HP: 19/19 MP: 0/0
   138 | D:1      | Reached XP level 2. HP: 27/27 MP: 1/1
   488 | D:2      | Reached XP level 3. HP: 33/33 MP: 2/2
   892 | D:2      | Found a faded altar of an unknown god.
  1026 | D:2      | Found a runed translucent door.
  1027 | D:2      | Noticed Crazy Yiuf
  1308 | D:2      | Killed Crazy Yiuf
  1309 | D:2      | Reached XP level 4. HP: 30/41 MP: 3/3
  1447 | D:3      | Found a transporter.
  1480 | D:3      | Found a transporter.
  1515 | D:4      | Noticed a scorpion
  1524 | D:4      | Killed a scorpion
  1525 | D:4      | Reached XP level 5. HP: 20/47 MP: 4/4
  1581 | D:5      | Entered Level 5 of the Dungeon
  1581 | D:5      | Noticed a black bear
  1593 | D:5      | Killed a black bear
  1594 | D:5      | Reached skill level 5 in Axes
  1594 | D:5      | Reached skill level 5 in Armour
  1594 | D:5      | Reached skill level 1 in Dodging
  1594 | D:5      | Reached XP level 6. HP: 4/55 MP: 5/5
  1610 | D:5      | Found Ehuor's Magic Scroll Emporium.
  1621 | D:5      | Found a stormy altar of Qazlal.
  1630 | D:5      | Became a worshipper of Qazlal Stormbringer
  1641 | D:6      | Noticed a yak
  1641 | D:6      | Noticed a yak
  1641 | D:6      | Noticed a yak
  1641 | D:6      | Noticed a yak
  1642 | D:6      | Noticed a yak
  1647 | D:6      | Mangled by a yak

Illustrated notes

Levels and vault maps discovered:
D:1:      lemuel_arrival_muddy, layout_loops_cross, grunt_decor_mini_mirrors,
          st_stairs_14
D:2:      layout_basic, ebering_ecumenical_altar_webs, uniq_crazy_yiuf_cottage
D:3:      gammafunk_wand_slinger, layout_basic, serial_shops, shop
D:4:      layout_cave_pools, portal_sewer_entry_f, uniq_natasha, uniq_pikel,
          uniq_eustachio
D:5:      layout_cave_pools, lemuel_doored_altar, mainiacjoe_overflow_boulevard,
          gammafunk_temple_overflow_statue, enter_ossuary_1, serial_shops, shop,
          patterned_corridor, uniq_duvessa, uniq_grinder
D:6:      kennysheep_housing_project, layout_cave_pools,
          mainiacjoe_overflow_alcove_4, minmay_temple_entry_waves

Skill      XL: |  1  2  3  4  5 |
---------------+----------------+-----
Shields        | 4 |  4.4
Armour         | 4 5 |  5.2
Fighting       | 4 |  4.9
Axes           | 3 4 5 |  5.7
Dodging        | 1 |  1.3
Stealth        | |  0.4

Action                   |  1- 3 |  4- 6 || total
-------------------------+-------+-------++-------
Melee: War axe           |    66 |    28 ||    94
       Headbutt          |     7 |     6 ||    13
Armor: Scale mail        |    49 |    14 ||    63
Dodge: Dodged            |    33 |    21 ||    54
Block: Buckler           |    18 |    10 ||    28

Table legend: (Time is in decaauts)
 A = Elapsed time spent in this place.
 B = Non-inter-level travel time spent in this place.
 C = Inter-level travel time spent in this place.
 D = Time resting spent in this place.
 E = Time spent auto-exploring this place.
 F = Levels seen in this place.
 G = Mean time per level.
                   A        B        C        D        E       F      G
               +--------+--------+--------+--------+--------+-----+--------+
         Total |   1685 |   1637 |     48 |      0 |    963 |   6 |  280.8 |
       Dungeon |   1685 |   1637 |     48 |      0 |    963 |   6 |  280.8 |
               +--------+--------+--------+--------+--------+-----+--------+

Top non-repeatable levels by time:
     D:2: 958 daAuts
     D:1: 469 daAuts
     D:3: 117 daAuts
     D:4: 69 daAuts
     D:5: 63 daAuts
     D:6: 6 daAuts
